Cogmind - Beta 16 @@@ ROGUE MODE // 2025.11.19 @ 01:46:47 Player: Cash Money Result: Destroyed by Y-64 Sentinel with KE Penetrator Performance ------------- Evolutions (5) 2500 Regions Visited (8) 1600 Robots Destroyed (70) 350 Value Destroyed (2754) 2754 Prototype IDs (14) 280 Alien Tech Used (0) 0 Bonus (308) 308 TOTAL SCORE: 7792 Bonus ------- Follower Combat Kills 578 Friendly Fire -270 Cogmind --------- Core Integrity 0/1000 Matter 166/300 Energy 4/100 System Corruption 7% Temperature Cool (0) Movement Core (50) Location -5/Factory Parts ------- > --- POWER (2) -------- (None) > --- PROPULSION (4) --- (None) > --- UTILITY (8) ------ Machine Analyzer Enhanced Optical Array Advanced Sensor Array Core Analyzer Hacking Suite > --- WEAPON (3) ------- (None) > --- INVENTORY (5) ---- Improved Coolant Injector Improved Energy Well (400) Energy Filter Advanced Shield Generator Peak State ------------ > --- POWER ------------ Angular-Backup Engine > --- PROPULSION ------- Hovering Weak-Armored Exoskeleton > --- UTILITY ---------- Armored Scrap Engine Improved Heat Sink Advanced Heat Sink Medium Storage Unit Energy Well Phase Shifter > --- WEAPON ----------- Directed Plasma Construct/G Thermal Plasma Construct/G > --- INVENTORY -------- Makeshift Microdissipator Network ECM Suite ECM Suite Datajack Great Maul [Rating: 68] Favorites ----------- Power Constructs Engine Constructs Power Core Nuclear Core Propulsion Aluminum Leg Treads Light Treads Leg Aluminum Leg Hover Unit Constructs Flight Unit Nuclear Pulse Array Utility Medium Storage Unit Device Improved Heat Sink Storage Medium Storage Unit Processor Improved Targeting Computer Hackware System Shield Protection Utility Shielding Weapon Spread Laser Energy Gun Spread Laser Energy Cannon Cooled Plasma Cannon Ballistic Gun Light Assault Rifle Launcher Rocket Launcher Impact Weapon Great Maul Slashing Weapon Scythe Special Melee Weapon Datajack Build | -11 -10 -9 -8 -8 -8 -6 -6 -5 ------- Run | Yrd Mat Mat Mat Sto Rec Fac Ext Fac Slots Evolved 10 | . . 2 2 . . 4 . 2 Power 1 | . . . . . . 1 . . Propulsion 2 | . . . 1 . . . . 1 Utility 6 | . . 1 1 . . 3 . 1 Weapon 1 | . . 1 . . . . . . Parts Attached 86 | 6 4 9 5 20 10 4 11 17 Power 8 | 1 . 1 1 3 1 . . 1 Engine 5 | 1 . 1 . 2 1 . . . Core 3 | . . . 1 1 . . . 1 Reactor . | . . . . . . . . . Propulsion 19 | 2 . 3 . 8 4 . . 2 Treads 1 | . . . . 1 . . . . Leg 16 | 2 . 3 . 7 4 . . . Wheel . | . . . . . . . . . Hover . | . . . . . . . . . Flight 2 | . . . . . . . . 2 Utility 40 | 1 2 2 3 5 3 4 8 12 Device 20 | . . . . 3 3 2 7 5 Storage 6 | 1 . 1 . . . 1 1 2 Processor 8 | . 2 1 1 . . . . 4 Hackware 4 | . . . 2 1 . . . 1 Protection 2 | . . . . 1 . 1 . . Artifact . | . . . . . . . . . Weapon 19 | 2 2 3 1 4 2 . 3 2 Energy Gun 9 | 1 2 2 . 3 1 . . . Energy Cannon 1 | . . . . 1 . . . . Ballistic Gun 1 | 1 . . . . . . . . Ballistic Cannon . | . . . . . . . . . Launcher 1 | . . 1 . . . . . . Special Weapon . | . . . . . . . . . Impact Weapon 3 | . . . 1 . . . 2 . Slashing Weapon 3 | . . . . . . . 1 2 Piercing Weapon . | . . . . . . . . . Special Melee Weapon 1 | . . . . . 1 . . . Unidentified Prototypes 5 | . . . . 2 1 . . 2 Parts Lost 41 | . . . . 7 4 . 18 12 Power 7 | . . . . 2 1 . 2 2 Propulsion 11 | . . . . 4 1 . 4 2 Utility 16 | . . . . 1 2 . 8 5 Weapon 7 | . . . . . . . 4 3 Highest Loss Streak 5 | . . . . 3 2 . 5 4 To Critical Strikes . | . . . . . . . . . Average Backups 6 | . 4 7 9 9 8 4 5 4 Power . | . . . . . . . . . Propulsion . | . . . . . 1 . . . Utility 3 | . 2 4 4 5 3 2 3 3 Weapon 1 | . 2 2 3 2 2 1 1 . Tool/Special . | . . . . . . . . . Unused Backups 15 | . 1 2 6 1 1 . . 4 Power 1 | . . . . . . . . 1 Propulsion . | . . . . . . . . . Utility 11 | . . 2 5 . 1 . . 3 Weapon 3 | . 1 . 1 1 . . . . Tool/Special . | . . . . . . . . . Average Slot Usage (%) 74 | . 99 99 99 97 83 64 58 38 Engine 3 | . 14 11 . 5 3 . 3 . Core 3 | . . . 8 2 5 6 2 2 Treads 1 | . . . . 5 . . 3 . Leg 13 | . 28 22 27 20 22 . 2 . Device 11 | . . . . 4 14 19 21 9 Storage 7 | . 14 11 9 9 9 6 8 . Processor 6 | . 13 21 18 3 . . . 12 Hackware 5 | . . . 8 18 7 . . 3 Energy Gun 12 | . 25 32 24 19 12 6 6 1 Energy Cannon 1 | . . . . . 6 . . . Impact Weapon 1 | . . . 2 4 . 2 1 . Peak Build Rating 68 | 6 11 15 24 30 45 59 68 54 Average Rating 36 | 4 10 14 21 24 35 52 56 39 On Entrance 22 | . 6 11 15 23 29 42 59 21 Avg Prop Armor Cover (%) 12 | . . . . 12 7 . . 22 Naked Turns . | . . . . . . . . . Heaviest Build 43 | 11 14 24 27 36 37 32 43 25 Greatest Support 66 | 20 20 20 30 30 54 45 66 23 Greatest Overweight (x) 11 | . . 1 . 3 11 . 4 8 Average Overweight (x) . | . . . . 1 . . . . Largest Inventory Capacity 10 | 8 8 10 10 10 10 10 10 5 Average Capacity 8 | 7 8 8 10 10 10 10 9 5 Most Carried 10 | . 6 8 10 10 10 5 8 5 Average Carried 6 | . 4 7 9 9 8 4 5 4 Final Capacity 10 | 8 8 10 10 10 10 10 5 5 Final Carried 10 | . 6 8 10 9 5 5 1 4 Scrap Engine Consumption 85 | . . . . . 30 16 20 19 Constructs Created 11 | . . . . . 5 . 1 5 Constructs Modified 18 | . . . . . 5 5 7 1 Class Distribution -------------------- 31% | Mutant 21% | Construct 9% | Gunner 9% | Hacker-Tank 7% | Commander-Construct 6% | Hacker-Gunner 4% | Hacker-Mutant 4% | Scavenger-Mutant 3% | Scout Dominant Class ---------------- Mutant | -10/Materials Gunner | -9/Materials Gunner | -8/Materials Scavenger-Mutant | -8/Storage Hacker-Tank | -8/Recycling Construct | -6/Factory Construct | -6/Extension Mutant | -5/Factory Resources | -11 -10 -9 -8 -8 -8 -6 -6 -5 ----------- Run | Yrd Mat Mat Mat Sto Rec Fac Ext Fac Matter Collected 1827 | 194 . 238 100 423 211 95 486 80 Remotely . | . . . . . . . . . Salvage Created 2918 | . 43 413 177 815 626 65 696 83 Parts 145 | . 3 33 10 37 33 3 25 1 Haulers Intercepted 3 | . . 1 . 1 . . . 1 Recyclers Shooed 1 | . . . . 1 . . . . Parts Field Recycled . | . . . . . . . . . Retrieved Matter . | . . . . . . . . . Parts Self-Destructed . | . . . . . . . . . Prevented . | . . . . . . . . . Parts Restored . | . . . . . . . . . Kills | -11 -10 -9 -8 -8 -8 -6 -6 -5 ------- Run | Yrd Mat Mat Mat Sto Rec Fac Ext Fac Combat Hostiles Destroyed 58 | . 2 13 4 18 10 1 10 . Melee 2 | . . . . . . . 2 . Guns 36 | . 2 8 4 8 7 1 6 . Cannons 5 | . . . . . 3 . 2 . AOE 14 | . . 5 . 9 . . . . Classes Destroyed 15 | . 1 5 . 2 4 . 3 . Builder 2 | . . . . . . . 2 . Hauler 3 | . . 1 . 1 . . . 1 Recycler 2 | . . . . 1 . . 1 . Mechanic 1 | . . . . 1 . . . . Watcher 2 | . . 1 1 . . . . . Swarmer 6 | . . 3 . 3 . . . . Grunt 27 | . 2 6 2 13 . 1 3 . Brawler 3 | . . . . . 2 . 1 . Duelist 1 | . . 1 . . . . . . Sentry 16 | . . 3 2 4 3 . 4 . Hunter 1 | . . . . . . . 1 . Programmer 2 | . . . . . 2 . . . Behemoth 1 | . . . . . . . 1 . Scientist 2 | . . . . . 2 . . . Scrapper 3 | . . . . . 3 . . . Best Kill Streak 6 | . 1 6 2 5 4 1 6 1 Combat Bots Only 5 | . 1 5 2 3 4 1 5 . Max Kills in Single Turn 4 | . 1 4 1 3 1 1 1 1 Gunslinging . | . . . . . . . . . Exploded 3 | . . 3 . 3 . . . . Melee 1 | . . . . . . . 1 . Uniques/NPCs Destroyed . | . . . . . . . . . Combat | -11 -10 -9 -8 -8 -8 -6 -6 -5 -------- Run | Yrd Mat Mat Mat Sto Rec Fac Ext Fac Hostile Shots Fired 653 | . 9 18 9 90 52 26 268 181 Missed 213 | . 3 7 6 23 9 13 87 65 Hits 440 | . 6 11 3 67 43 13 181 116 Melee 3 | . . . . . 2 . 1 . Projectile 437 | . 6 11 3 67 41 13 180 116 AOE 1 | . . . . 1 . . . . Critical Strikes 17 | . . 2 2 1 3 1 3 5 Part Disruptions 3 | . . . . 3 . . . . Damage Taken 8167 | . 67 122 46 1133 742 223 3545 2289 Core 2039 | . 12 . . 150 70 47 737 1023 Absorbed by Shields 83 | . . . . . 32 51 . . Redirected to Shielding 54 | . . . . . . 12 42 . Regen/Repaired (Parts) 981 | . . . . . 186 120 675 . Core Remaining (%) 72 | 100 95 100 . . 60 . 7 . Volleys Fired 214 | . 6 13 6 44 35 12 79 19 Largest 3 | . 2 3 3 3 3 2 3 1 Hottest 217 | . 130 195 195 195 217 113 152 70 Shots Fired 387 | . 12 37 18 90 46 23 142 19 Gun 306 | . 12 35 18 77 37 12 96 19 Cannon 65 | . . . . 1 9 11 44 . Launcher 16 | . . 2 . 12 . . 2 . Special . | . . . . . . . . . Kinetic 55 | . . . . . . 11 44 . Thermal 316 | . 12 35 18 78 46 12 96 19 Explosive 16 | . . 2 . 12 . . 2 . Electromagnetic . | . . . . . . . . . Robot Hit Streak 29 | . 7 27 29 10 11 5 16 9 Robot Miss Streak 7 | . 7 4 4 4 3 3 5 1 Penetration Max . | . . . . . . . . . Secondary Targets 1 | . . . . . . . 1 . Max Gunslinging Chain 1 | . . . . . . . 1 . Shots Hit Robots 323 | . 11 27 15 64 65 12 108 21 Core Hits 233 | . 10 49 32 86 14 5 32 5 Critical Kills . | . . . . . . . . . Critical Parts Destroyed 4 | . . . . 3 . . 1 . Critical Strikes 15 | . . . . 6 4 2 2 1 Burn 10 | . . . . 3 4 2 1 . Smash 4 | . . . . 3 . . 1 . Sever 1 | . . . . . . . . 1 Melee Attacks 107 | . . . 17 6 34 21 22 7 Impact 53 | . . . 17 6 3 21 6 . Slashing 15 | . . . . . . . 8 7 Piercing . | . . . . . . . . . Sneak Attacks 41 | . . . . 1 31 . 8 1 Combat Hostiles . | . . . . . . . . . Follow-up Attacks 1 | . . . . . . . 1 . Damage Inflicted 8188 | . 148 662 276 2723 898 281 2602 598 Guns 4278 | . 148 404 276 921 653 199 1346 331 Cannons 1149 | . . . . . 245 82 822 . Explosions 2016 | . . 258 . 1653 . . 105 . Melee 738 | . . . . 148 . . 329 261 Ramming 7 | . . . . 1 . . . 6 Kinetic 904 | . . . . . . 82 822 . Thermal 4523 | . 148 404 276 921 898 199 1346 331 Explosive 2016 | . . 258 . 1653 . . 105 . Electromagnetic . | . . . . . . . . . Impact 263 | . . . . 148 . . 115 . Slashing 475 | . . . . . . . 214 261 Piercing . | . . . . . . . . . Highest Corruption 7 | . . . 1 2 4 . 4 7 Average Corruption 2 | . . . 1 1 3 . 2 5 Corruption Purged 4 | . . . . 2 . . 2 . Corruption Blocked . | . . . . . . . . . Effects 45 | . . . 2 9 8 . 13 13 Message Errors 10 | . . . . 1 3 . 4 2 Matter Fused 14 | . . . 1 3 2 . 3 5 Heat Flow Errors 2 | . . . . . 1 . . 1 Energy Discharges 7 | . . . . 2 1 . 2 2 Parts Rejected 1 | . . . . . . . . 1 Data Loss (minor) 8 | . . . 1 3 1 . 2 1 Data Loss (major) 2 | . . . . . . . 1 1 Alerts 1 | . . . . . . . 1 . Overload Shots 6 | . . . . 1 5 . . . Effects 2 | . . . . . 2 . . . Energy Bleed 2 | . . . . . 2 . . . Overflow Damage 242 | . . . . 210 . . 32 . Projectiles . | . . . . . . . . . Explosions 62 | . . . . 62 . . . . Melee 180 | . . . . 148 . . 32 . Knockbacks 3 | . . . . . . . 3 . Impact 2 | . . . . . . . 2 . Kinetic 1 | . . . . . . . 1 . Secondary . | . . . . . . . . . Self-Inflicted Damage 128 | . . . . 80 . . 45 3 Shots 5 | . . . . 4 . . 1 . Rammed 1 | . . . . . . . . 1 Targets Rammed 2 | . . . . 1 . . . 1 Kicked 1 | . . . . 1 . . . . Crushed . | . . . . . . . . . Highest Temperature 372 | . 225 261 249 372 305 42 271 77 Average Temperature 90 | . 99 107 107 112 99 19 40 31 Received Heat Transfer 2065 | . 36 54 63 363 157 91 887 414 Siege Activations . | . . . . . . . . . Martial Activations . | . . . . . . . . . Shielding Activations . | . . . . . . . . . Robots Disrupted . | . . . . . . . . . Combat Hostiles . | . . . . . . . . . Robots Corrupted 1 | . . . . 1 . . . . Combat Hostiles 1 | . . . . 1 . . . . Parts Fried . | . . . . . . . . . Impact Corruptions 4 | . . . . 3 . . 1 . Robots Melted . | . . . . . . . . . Combat Hostiles . | . . . . . . . . . Parts Melted 12 | . . . . 4 7 1 . . Heat Transferred 6936 | . 185 515 350 1960 1929 579 900 518 Parts Sabotaged . | . . . . . . . . . Parts Stolen . | . . . . . . . . . Parts Stripped . | . . . . . . . . . Power Chain Reactions . | . . . . . . . . . Alert | -11 -10 -9 -8 -8 -8 -6 -6 -5 ------- Run | Yrd Mat Mat Mat Sto Rec Fac Ext Fac Maximum Alert Level 1 | . . 1 . 1 . . . . Low Security (%) 97 | 100 100 63 100 96 100 100 100 100 Level 1 2 | . . 36 . 3 . . . . Level 2 . | . . . . . . . . . Level 3 . | . . . . . . . . . Level 4 . | . . . . . . . . . Level 5 . | . . . . . . . . . High Security . | . . . . . . . . . Max Security . | . . . . . . . . . Peak Influence 277 | . 60 264 84 277 82 197 89 15 Initial 84 | . . 25 84 . 22 68 . 5 Average 27 | . 3 130 11 63 11 79 16 . Influence Increases 2753 | . 97 389 146 919 205 408 543 46 Destroy 0b10 Robot/C 1440 | . 40 260 80 460 160 120 320 . Destroy 0b10 Robot/NC 65 | . . 10 5 25 . . 20 5 Destroy Leader 274 | . 10 54 22 114 . 20 52 2 Allied During Kill 239 | . . . . 149 3 41 46 . Successful Hack 131 | . 17 26 22 . 28 . 14 24 Disable Machine 60 | . . 15 . 30 . . 15 . Anti-Garrison Action 150 | . . . . . . 150 . . Destroy Structure 164 | . . 24 17 81 14 12 16 . Advance Influence 50 | . . . . . . 50 . . Partial Spotted 30 | . . . . . . . 15 15 Lose Combat Pursuer 150 | . 30 . . 60 . 15 45 . Influence Decreases 2753 | . 37 249 346 861 219 452 531 58 Entered New Map 220 | . . 35 116 . 36 26 . 7 Time Decay 1624 | . 37 214 174 403 143 266 336 51 Lost Part 180 | . . . . 70 20 . 90 . Lost Ally 365 | . . . . 100 20 140 105 . Purge Threat 364 | . . . 56 288 . 20 . . Squads Dispatched 23 | . 2 . 3 5 . 4 1 8 Investigation 3 | . 1 . . . . . 1 1 Extermination 3 | . . . . . . 1 . 2 Reinforcement 9 | . 1 . 2 2 . 1 . 3 Assault 6 | . . . . 2 . 2 . 2 Garrison 2 | . . . 1 1 . . . . Intercept . | . . . . . . . . . Searches Triggered . | . . . . . . . . . Construction Impeded 1 | . . . . . . 1 . . Haulers Reinforced 1 | . . . . . . . . 1 Active Scanning Responses . | . . . . . . . . . Cargo Convoy Interrupts 1 | . . . . . . . . 1 Stealth | -11 -10 -9 -8 -8 -8 -6 -6 -5 --------- Run | Yrd Mat Mat Mat Sto Rec Fac Ext Fac Distress Signals 10 | . 1 . 4 1 . . 2 2 Communications Jammed . | . . . . . . . . . Distress Signals . | . . . . . . . . . Times Spotted 144 | . 9 15 5 41 10 18 27 19 Peak Tracking Total 11 | . 5 6 1 8 4 6 6 11 Tactical Retreats 17 | . 1 . . 4 . 4 4 4 ECM-based Alert Blocks 19 | . . . . . . 8 2 9 Traps | -11 -10 -9 -8 -8 -8 -6 -6 -5 ------- Run | Yrd Mat Mat Mat Sto Rec Fac Ext Fac Traps Triggered 3 | . . . 1 . . . 1 1 Indirectly . | . . . . . . . . . Trap Hack Attempts . | . . . . . . . . . Triggered . | . . . . . . . . . Disarmed . | . . . . . . . . . Reprogrammed . | . . . . . . . . . Reused . | . . . . . . . . . Traps Extracted . | . . . . . . . . . Installed . | . . . . . . . . . Triggered . | . . . . . . . . . Machines | -11 -10 -9 -8 -8 -8 -6 -6 -5 ---------- Run | Yrd Mat Mat Mat Sto Rec Fac Ext Fac Machines Disabled 5 | . . 1 . 2 . 1 1 . Max in Single Turn 1 | . . 1 . 1 . 1 1 . Garrison Access 3 | . . . . 1 . 1 . 1 Machines Repaired . | . . . . . . . . . Machines Dismantled . | . . . . . . . . . Machines Sabotaged . | . . . . . . . . . Overloaded Fab Kills . | . . . . . . . . . Hacking | -11 -10 -9 -8 -8 -8 -6 -6 -5 --------- Run | Yrd Mat Mat Mat Sto Rec Fac Ext Fac Machines Accessed 43 | . 3 4 9 5 12 2 4 4 Terminals 32 | . 3 4 8 5 6 1 4 1 Fabricators . | . . . . . . . . . Repair Stations 2 | . . . . . . . . 2 Recycling Units 5 | . . . 1 . 4 . . . Scanalyzers 1 | . . . . . . . . 1 Garrison Access 1 | . . . . . . 1 . . Total Hacks 166 | . 16 13 43 14 57 4 8 11 Successful 91 | . 9 7 20 5 43 1 3 3 Failed 75 | . 7 6 23 9 14 3 5 8 Catastrophic 11 | . . . 5 3 1 . . 2 Database Lockouts . | . . . . . . . . . Manual 88 | . 12 6 34 11 20 2 . 3 Terminals 121 | . 16 13 40 14 25 2 8 3 Fabricators . | . . . . . . . . . Repair Stations 6 | . . . . . . . . 6 Recycling Units 9 | . . . 3 . 6 . . . Scanalyzers 2 | . . . . . . . . 2 Garrison Access 2 | . . . . . . 2 . . Terminal Hacks 58 | . 4 4 9 5 32 1 3 . Record 24 | . . . . . 24 . . . Robot Analysis 2 | . . . 1 . 1 . . . Prototype ID Bank 2 | . . . 1 . 1 . . . Open Door 5 | . . . . 2 . . 3 . Level Access Points 2 | . . 1 1 . . . . . Emergency Access Points 1 | . . 1 . . . . . . Terminal Index 2 | . . . . . 2 . . . Alert Level 1 | . . 1 . . . . . . Unreport Threat 6 | . . . 2 3 . 1 . . Locate Traps 6 | . 2 1 1 . 2 . . . Maintenance Status 1 | . . . 1 . . . . . Surveillance Status 1 | . 1 . . . . . . . Reinforcement Status 1 | . . . 1 . . . . . Zone Layout 2 | . 1 . 1 . . . . . Release Object 2 | . . . . . 2 . . . Fabricator Hacks . | . . . . . . . . . Repair Station Hacks 1 | . . . . . . . . 1 Refit 1 | . . . . . . . . 1 Recycling Unit Hacks 4 | . . . . . 4 . . . Retrieve Components 4 | . . . . . 4 . . . Scanalyzer 2 | . . . . . . . . 2 Retrieve Study 2 | . . . . . . . . 2 Garrison Access Hacks . | . . . . . . . . . Unauthorized Hacks 26 | . 5 3 11 . 7 . . . Terminals 26 | . 5 3 11 . 7 . . . Botnet 14 | . 3 2 6 . 3 . . . Skim 12 | . 2 1 5 . 4 . . . Fabricators . | . . . . . . . . . Repair Stations . | . . . . . . . . . Recycling Units . | . . . . . . . . . Scanalyzers . | . . . . . . . . . Garrison Access . | . . . . . . . . . Data Cores Recovered . | . . . . . . . . . Used . | . . . . . . . . . Hacking Detections 35 | . 3 4 8 4 7 2 3 4 Full Trace Events 4 | . 1 . . . 1 . 1 1 Feedback Events . | . . . . . . . . . Feedback Blocked . | . . . . . . . . . Robot Schematics Acquired . | . . . . . . . . . Robots Built . | . . . . . . . . . Authchips . | . . . . . . . . . Time . | . . . . . . . . . Total Robot Build Rating . | . . . . . . . . . Part Schematics Acquired . | . . . . . . . . . Parts Built . | . . . . . . . . . Authchips . | . . . . . . . . . Time . | . . . . . . . . . Total Part Build Rating . | . . . . . . . . . Part Studies Acquired 2 | . . . . . . . . 2 Parts Repaired . | . . . . . . . . . Time . | . . . . . . . . . Parts Recycled . | . . . . . . . . . Recycled Matter . | . . . . . . . . . Retrieved Matter . | . . . . . . . . . Retrieved Components 10 | . . . . . 10 . . . Parts Scanalyzed . | . . . . . . . . . Part Schematics Acquired . | . . . . . . . . . Parts Damaged . | . . . . . . . . . Bothacking | -11 -10 -9 -8 -8 -8 -6 -6 -5 ------------ Run | Yrd Mat Mat Mat Sto Rec Fac Ext Fac Used RIF Installer . | . . . . . . . . . Robots Hacked . | . . . . . . . . . Non-combat . | . . . . . . . . . Combat . | . . . . . . . . . Robot Hacks Applied . | . . . . . . . . . Relay Couplers Released 4 | . . . . 2 . 2 . . Machine Destruction 4 | . . . . 2 . 2 . . Fabnet Peak Effective % . | . . . . . . . . . Robots Rewired 14 | . . . . . 10 . 4 . Allies Hacked . | . . . . . . . . . Hacks Repelled . | . . . . . . . . . Allies | -11 -10 -9 -8 -8 -8 -6 -6 -5 -------- Run | Yrd Mat Mat Mat Sto Rec Fac Ext Fac Total Allies 26 | . . . . 10 10 . 6 . Largest Group 10 | . . . . 10 9 8 6 . Highest-Rated Group 173 | . . . . 173 141 131 166 . Highest-Rated Ally 39 | . . . . 29 27 27 39 . Total Orders 2 | . . . . . 2 . . . ROAM 1 | . . . . . 1 . . . DROP 1 | . . . . . 1 . . . Ally Attacks 193 | . . . . 80 7 59 47 . Total Damage 2713 | . . . . 970 34 1011 698 . Kills 20 | . . . . 7 1 5 7 . Allies Corrupted 3 | . . . . 1 . 1 1 . Allies Melted . | . . . . . . . . . Intel | -11 -10 -9 -8 -8 -8 -6 -6 -5 ------- Run | Yrd Mat Mat Mat Sto Rec Fac Ext Fac Active Infowar (turns) 2249 | . . . . . . 316 391 1542 Optics 1542 | . . . . . . . . 1542 Sensors 280 | . . . . . . . . 280 IFF 236 | . . . . . . . . 236 Machine Analysis 142 | . . . . . . . . 142 ECM 1161 | . . . . . . 316 391 454 Robot Analysis Total 2 | . . . 1 . 1 . . . Derelict Logs Recovered . | . . . . . . . . . Drone Launches . | . . . . . . . . . Drone Recoveries . | . . . . . . . . . Exploration | -11 -10 -9 -8 -8 -8 -6 -6 -5 ------------- Run | Yrd Mat Mat Mat Sto Rec Fac Ext Fac Turns Passed 9070 | 46 363 452 996 1102 2125 631 1806 1549 Spaces Moved 4653 | 33 202 277 604 411 895 308 929 994 Core 358 | 3 . . . . 2 . 16 337 Treads 571 | . . . . 4 21 . 481 65 Legs 2809 | 30 202 277 604 407 858 . 431 . Wheels 126 | . . . . . 14 112 . . Hover 93 | . . . . . . 43 . 50 Flight 696 | . . . . . . 153 1 542 Fastest Speed 39 | 50 120 120 120 120 100 155 50 39 Average Speed 132 | 113 120 121 120 196 173 155 147 63 Slowest Speed 600 | 120 120 190 120 330 600 155 250 450 Overloaded Moves . | . . . . . . . . . Propulsion Burnouts . | . . . . . . . . . Robots Hopped 7 | . . . . . . . . 7 Potential Cave-ins 12 | . . . . . . 10 2 . Cave-ins Triggered . | . . . . . . . . . Exploration Rate (%) 40 | 4 30 29 53 74 93 9 51 22 Regions Visited 8 Branch Regions 3 Pre-discovered Areas 2 | . . . 2 . . . . . Known Exits Taken 4 | . . 1 1 1 . 1 . . Unknown Exits Taken 4 | 1 1 . . . 1 . 1 . Scrap Searched . | . . . . . . . . . Spaces Dug 41 | . . . 17 . 3 21 . . Terrain Destroyed 174 | . . 23 17 92 5 22 15 . Melee 41 | . . . 17 . 3 21 . . Projectile 9 | . . . . . 2 1 6 . AOE 124 | . . 23 . 92 . . 9 . Terrain Rammed . | . . . . . . . . . Walls Destroyed . | . . . . . . . . . Machines Disabled . | . . . . . . . . . Actions | -11 -10 -9 -8 -8 -8 -6 -6 -5 --------- Run | Yrd Mat Mat Mat Sto Rec Fac Ext Fac Total 7035 | 38 310 367 828 604 1409 397 1208 1874 Wait 1826 | . 89 54 168 103 402 50 143 817 Move 4631 | 32 201 276 603 410 894 307 928 980 Hop 7 | . . . . . . . . 7 Pick Up 39 | . 7 5 10 3 4 1 3 6 Fast Attach 52 | 6 3 . 2 10 6 3 6 16 Attach 25 | . . 2 2 4 4 1 9 3 Detach 8 | . . . . . . . 3 5 Swap 46 | . 1 10 11 12 8 1 3 . Drop 73 | . 3 7 9 11 21 1 8 13 Fire 214 | . 6 13 6 44 35 12 79 19 Melee 106 | . . . 17 6 34 21 21 7 Ram 1 | . . . . . . . . 1 Kick 1 | . . . . 1 . . . . Crush . | . . . . . . . . . Escape Stasis 5 | . . . . . . . 5 . Rewire 1 | . . . . . 1 . . . Trap . | . . . . . . . . . Miscellaneous . | . . . . . . . . . Route ------- -11/Scrapyard -10/Materials -9/Materials (discovered 3 exits: *Mat x3) -8/Materials (discovered 4 exits: *Fac x3 / *Sto) -8/Storage -8/Recycling -6/Factory -6/Extension -5/Factory History --------- Turn | Location | Event 6 | -11/Scrapyard | Discovered new exit (range 15) 47 | -11/Scrapyard | Entered Materials 247 | -10/Materials | Discovered new exit (range 7) 303 | -10/Materials | Build established: Mutant 410 | -10/Materials | Entered another Materials area 410 | -9/Materials | Evolved 2 slots: Utility x1, Weapon x1 598 | -9/Materials | Identified exit to Materials 714 | -9/Materials | Build established: Gunner 862 | -9/Materials | Entered another Materials area 862 | -8/Materials | Evolved 2 slots: Propulsion x1, Utility x1 1048 | -8/Materials | Garrison activated, responded to threat 1095 | -8/Materials | Discovered new exit (range 13) 1544 | -8/Materials | Identified exit to Factory 1604 | -8/Materials | Learned Storage stockpile data 1653 | -8/Materials | Learned 8 Factory zone layouts 1690 | -8/Materials | Learned location of Zion (-7) 1715 | -8/Materials | Learned Storage trap positions 1728 | -8/Materials | Learned location of 1 exit from Recycling 1730 | -8/Materials | Learned 2 Storage zone layouts 1736 | -8/Materials | Learned 4 Recycling zone layouts 1776 | -8/Materials | Learned Storage trap positions 1808 | -8/Materials | Identified exit to Storage 1858 | -8/Materials | Entered Storage 1859 | -8/Storage | Identified exit to Recycling 1861 | -8/Storage | Loaded intel: 14 trap records 1967 | -8/Storage | Build established: Hacker-Gunner 2043 | -8/Storage | Lost 3 parts (1p2n) 2129 | -8/Storage | Met 01-MTF 2551 | -8/Storage | Build established: Scavenger-Mutant 2561 | -8/Storage | Assisted by bots powering up and referring to "LRC-V3" 2839 | -8/Storage | Lost 8 allies 2960 | -8/Storage | Entered Recycling 2961 | -8/Recycling | Identified exit to Scraptown 3261 | -8/Recycling | Build established: Hacker-Tank 3766 | -8/Recycling | Scanned before Scraplab entrance 3802 | -8/Recycling | Entered Scraplab 3834 | -8/Recycling | Angered Scraplab inhabitants 3837 | -8/Recycling | Found Prototype Device 3837 | -8/Recycling | Identified Scrap Engine 4536 | -8/Recycling | Build established: Construct 4626 | -8/Recycling | Discovered new exit (range 16) 5085 | -8/Recycling | Entered Factory 5085 | -6/Factory | Accompanied by 8 allies 5085 | -6/Factory | Evolved 4 slots: Power x1, Utility x3 5086 | -6/Factory | Identified exit to Extension 5117 | -6/Factory | Build established: Commander-Construct 5492 | -6/Factory | Lost 8 allies 5700 | -6/Factory | Build established: Construct 5716 | -6/Factory | Entered Extension 5738 | -6/Extension | Disrupted transfer network 5807 | -6/Extension | Rescued a captive Derelict 5909 | -6/Extension | Rescued a captive Derelict 6159 | -6/Extension | Lost 4 allies 6357 | -6/Extension | Spotted B-75 Beast 6870 | -6/Extension | Core integrity fell below 50% 6924 | -6/Extension | Lost 4 parts (2u2w) 7197 | -6/Extension | Build established: Mutant 7452 | -6/Extension | Destroyed B-75 Beast 7477 | -6/Extension | Lost 5 parts (2n2u1w) 7495 | -6/Extension | Spotted B-75 Beast 7506 | -6/Extension | Core integrity fell below 20% 7521 | -6/Extension | Discovered new exit (range 3) 7522 | -6/Extension | Entered Factory 7522 | -5/Factory | Evolved 2 slots: Propulsion x1, Utility x1 8097 | -5/Factory | Lost 3 parts (1p2w) 8446 | -5/Factory | Cargo convoy interrupted 8684 | -5/Factory | Core integrity fell below 50% 8709 | -5/Factory | Lost 4 parts (1p2u1w) 9068 | -5/Factory | Core integrity fell below 20% 9071 | -5/Factory | Destroyed by Y-64 Sentinel with KE Penetrator Last Messages --------------- 09047_ Massive razor-sharp blades shoot up from within the floor. 09047_ Neutrino Core+ severed. 09047_ Penetrated by Slug. 09061_ Slug penetrates Wall. 09061_ Field Propulsion Drive+ destroyed. 09061_ Penetrated by Slug. 09061_ Nuclear Pulse Array destroyed. 09063_ Slammed into H-66 Slayer. 09063_ Penetrated by Slug. 09064_ ECM Suite destroyed. 09066_ Slug penetrates Wall. 09066_ >> Machine Analyzer network decryption results: 09066_ Repair Station x1 09067_ System corrupted: Matter fused (-9). 09068_ Dropped Great Axe. 09070_ P-70 Sage resets H-66 Slayer, system corruption cleaned. 09071_ Penetrated by Slug. Map ----- +----------------------------------------------------+ | ?????????????????????????????????????# ] | | ?????????????????????????????????????# | | ?????????????????????????????????????# """"""" | | ?????????????????????????????????????# """"""" | | ?????????????????????????????????????# """"""" | | ?????????????????????????????????????# """"""" | | ?????????????????????????????????????# | | ?????????????????????????????????????# | | ?????????????????????????????????????#######+##### | | ??????????????????????????????########?# # | | ??????????????????????????????# #?# # | | ??????????????????????????????# ! #?# | | ??????????????????????????????# #?# | | ??????????????????????????????# #?# | | ??????????????????????????????# """" #?# | | ??????????????????????????????# """" #?# | | ??????????????????????????????# """" #?# # | | ??????????????????????????????# """" #?# # | | ##############????????????????# """" #?### ### | | # #????????????????# """" #???# # | | # """ #????????????????# #???# # " | | # "" "Y" #????????????????# #???# + " | | # "" " " #????????????????# ?#???# # " | | # """ #????????????????# ?#???# # | | # """ | ##########+############/##### #?" | | # """ # @ / ggh #?" | | # # h Y #?" | | #! # p #?? | | # t #?? | | # ! # mp p #?? | | # # ###+#####;+#############+#####? | | #+############ # """ # ## #? | | # #???????? # "R" # ## """" "" " #? | | # ##### # " " # ## """" """" #? | | + # ## """" """" #? | | ####### # # ## """" """" #? | | ??????# # [!! # ## """" """" #? | | ??????# ######## [! # ## """" """" #? | | ??????# ???????# [! # ## """" """" #? | | ??????# ???????# # ## #? | | ??????# ????????########## ## #? | | ??????# ?????????????????# ## ! #? | | ??????# ?????????????????# ## #? | | ??????# ??????????????????#####################? | | ??????# ???????????????????????????????????????? | | ??????# ????????????????????????????????????????? | | ?????? ????????????????????????????????????????? | | ?????????????????????????????????????????????????? | | ?????????????????????????????????????????????????? | | ?????????????????????????????????????????????????? | +----------------------------------------------------+ Best States ------------- Heat Dissipation 70 Energy Generation 21 Energy Capacity 640 Matter Stores 300 Matter Capacity 300 Sight Range 22 Robot Scan Range 16 Terrain Scan Density 10 ECM Strength 1 Additional Mass Support 9 Armor Coverage 150 Utility Shielding 33 Phase Shifting 5 Evasion (%) 62 Targeting Accuracy 18 Core Analysis 6 Recoil Reduction 3 Offensive Hacking 10 Defensive Hacking 20 Item Schematics ----------------- None Robot Schematics ------------------ None Fabricated ------------ Nothing Repaired ---------- Nothing Studied --------- Field Propulsion Drive | -5/Factory | Hacked Neutrino Core | -5/Factory | Hacked Alien Tech Used ----------------- None Achievements -------------- Fitting Room Infodabbler Not So Scrappy Physics Hates This One Trick Scrappetite You May Approach The Wall Challenges ------------ None Game ------ Seed DecoderContainmentReplicator Manual? 0 Play Time 01:54:00 Cumulative 116.3 hours Start 2025.11.17 @ 23:07:03 End 2025.11.19 @ 01:46:47 Sessions 3 Manual Loads 0 Difficulty Rogue Special Mode None Game No. 62 Rogue 38 Adventurer 9 Explorer 15 Win Type - Total 7 Types 4/1/0/0/0/0/0/0/2/0 Lore% 42 Gallery% 56 Achievement% 41 Wizard Run 0 Options --------- Layout 1 ASCII 0 Keyboard 0 Movement Mouse Keybinds 0 Fullscreen 2 Font 32/Terminus Map View 50x35 Zoom Use 0% Tactical HUD 1 Map Filters NONE Filters NONE Steam 1 RUN: 64c0ae11-b342-46a0-8e72-074af31e5894